 Dungeon Crawl Stone Soup version 0.14-a0-2340-g8df0fbc (webtiles) character file.

242975 Jenx the Slayer (level 19, -3/144 HPs)
             Began as a Gargoyle Berserker on Jan 29, 2014.
             Was a High Priest of Trog.
             Slain by a deep troll (14 damage)
             ... led by an ironheart preserver
             ... on Level 2 of the Vaults on Jan 30, 2014.
             The game lasted 03:44:46 (44863 turns).

Jenx the Slayer (Gargoyle Berserker)               Turns: 44863, Time: 03:44:46

HP  -3/144       AC 52     Str 24      XL: 19   Next: 29%
MP  18/18        EV  3     Int 14      God: Trog [*****.]
Gold 3600        SH  0     Dex 15      Spells:  0 memorised, 18 levels left

rFire  + . .     SeeInvis +     a - +8,+5 dire flail of Skuelir {speed, rElec Int+2}
rCold  + . .     Clarity  .     J - +9 gold dragon armour
rNeg   + . .     Conserve .     (no shield)
rPois  +         rCorr    .     H - +1 helmet {Int+3}
rElec  +         rRot     +     S - +2 cloak {MR+}
SustAb . .       Spirit   .     W - +0 pair of gloves
rMut   +         Warding  .     E - +0 pair of dwarf boots
Saprov . . .     Stasis   .     I - amulet of resist mutation
MR     +++..                    l - ring of see invisible
                                M - +2 ring of strength

@: regenerating, flying, very slightly contaminated, extremely resistant to
hostile enchantments, extremely unstealthy
A: large and strong wings, life protection 1, regeneration 1, electricity
resistance, unbreathing, petrification resistance, AC +13
a: Stop Flying, Burn Spellbooks, Berserk, Trog's Hand, Brothers in Arms,
Renounce Religion
}: 2/15 runes: decaying, gossamer


You were on level 2 of the Vaults.
You worshipped Trog.
Trog was extremely pleased with you.
You were not hungry.

You visited 7 branches of the dungeon, and saw 41 of its levels.
You visited the Abyss 1 time.
You also visited: Labyrinth, Ossuary and Bailey.

You collected 3805 gold pieces.
You spent 205 gold pieces at shops.

Inventory:

Hand weapons
 a - the +8,+5 dire flail of Skuelir (weapon) {speed, rElec Int+2}
   (Trog gifted it to you on level 1 of the Lair of Beasts)

   Attacks with this weapon are significantly faster, but cause slightly less
   damage.
   It affects your intelligence (+2).
   It insulates you from electricity.
 b - a +0 blowgun
 s - the -3,+5 dire flail of Plog {crush, rN+, unknown}
   (Trog gifted it to you on level 2 of the Vaults)

   It inflicts extra damage upon your enemies.
   It protects you from negative energy.
 y - the +7,+8 executioner's axe of Cluom {holy, rElec rF+ Str+2}
   (Trog gifted it to you on level 16 of the Dungeon)

   It has been blessed by the Shining One to cause great damage to the undead
   and demons.
   It affects your strength (+2).
   It protects you from fire.
   It insulates you from electricity.
 K - a +0,+3 anti-magic dire flail
 O - the -2,+1 flail "Shesopif" {antimagic, rC++ rN+ MR++ Str+1}
   (Trog gifted it to you on level 1 of the Spider Nest)

   It disrupts the flow of magical energy around spellcasters and certain
   magical creatures (including the wielder).
   It affects your strength (+1).
   It greatly protects you from cold.
   It protects you from negative energy.
   It affects your resistance to hostile enchantments.
Missiles
 f - 3 javelins of penetration
 z - 13 curare-tipped needles
 L - 6 javelins of returning (quivered)
Armour
 E - a +0 pair of dwarven boots (worn)
 H - a +1 helmet of intelligence (worn)
 J - a +9 gold dragon armour (worn)
 S - a +2 cloak of magic resistance (worn)
 W - a +0 pair of gloves (worn)
Magical devices
 h - a wand of fire (3)
 p - a wand of heal wounds (0)
 v - a wand of teleportation (6)
 x - a wand of disintegration (6)
 R - a wand of fireball (2)
 T - a wand of flame (7)
 U - a wand of hasting (5)
 Y - a wand of fireball (4)
Comestibles
 c - 6 bread rations
 m - a pear
 o - 3 meat rations
Scrolls
 d - 5 scrolls of teleportation
 i - 2 scrolls of fear
 n - 2 scrolls of fog
 q - 16 scrolls of remove curse
 w - 2 scrolls of immolation
 C - 2 scrolls of blinking
 P - a scroll of summoning
 V - a scroll of silence
 X - 2 scrolls of magic mapping
Jewellery
 l - a ring of see invisible (right hand)
 I - an amulet of resist mutation (around neck)
 M - a +2 ring of strength (left hand)
Potions
 e - 5 potions of brilliance
 g - a potion of restore abilities
 k - 2 potions of agility
 r - 6 potions of curing
 u - 4 potions of might
 A - a potion of invisibility
 F - 3 potions of speed
 Q - a potion of porridge
Books
 j - a book of Necromancy

   Spells                             Type                      Level
   Pain                               Necromancy                   1
   Animate Skeleton                   Necromancy                   1
   Lethal Infusion                    Charms/Necromancy            2
   Vampiric Draining                  Necromancy                   3
   Regeneration                       Charms/Necromancy            3
   Animate Dead                       Necromancy                   4
   Control Undead                     Necromancy                   4
   Trog disapproves of the use of such an item.
 G - a tome of Destruction
 N - a book of the Sky

   Spells                             Type                      Level
   Flight                             Charms/Air                   3
   Airstrike                          Air                          4
   Silence                            Hexes/Air                    5
   Deflect Missiles                   Charms/Air                   6
   Conjure Ball Lightning             Conjuration/Air              6
   Tornado                            Air                          9
   Trog disapproves of the use of such an item.
 Z - a book of Unlife

   Spells                             Type                      Level
   Recall                             Summoning/Translocation      3
   Animate Dead                       Necromancy                   4
   Control Undead                     Necromancy                   4
   Twisted Resurrection               Necromancy                   5
   Death Channel                      Necromancy                   6
   Simulacrum                         Ice/Necromancy               6
   Trog disapproves of the use of such an item.


   Skills:
 * Level 24.0 Fighting
 - Level 18.1 Maces & Flails
 - Level 7.0 Throwing
 + Level 14.8 Armour
 - Level 7.0 Dodging


You had 18 spell levels left.
You didn't know any spells.

Dungeon Overview and Level Annotations

Branches:
Dungeon (16/16)            Temple (1/1) D:7             Orc (4/4) D:11
    Elf (0/3) Orc:4          Lair (8/8) D:9           Swamp (5/5) Lair:5
 Spider (5/5) Lair:5        Slime (0/6) Lair:8       Vaults (2/5) D:14
 Depths (0/6) D:16
  Crypt: Vaults:2-3  Forest: Vaults:2-3

Altars:
Ashenzari
Cheibriados
Dithmengos
Elyvilon
Fedhas
Kikubaaqudgha
Makhleb
Xom
Yredelemnul
The Shining One
Beogh

Shops:
D:5 :=[   D:13 %   Orc:1 =   Orc:2 %   Orc:4 }(*:[   Vaults:1 (   Vaults:2 [

Portals:
Hell: Lair:8

Annotations:
Lair:8 exclusion: 2 doors


Innate Abilities, Weirdness & Mutations

You are resistant to torment.
You are immune to poison.
You can fly continuously.
Your stone body is very resilient (AC +13).
Your wings are large and strong.
You resist negative energy.
You are resistant to electric shocks.
You can survive without breathing.
You are immune to petrification.
Your natural rate of healing is unusually fast.


Message History

* * * LOW HITPOINT WARNING * * *
Drink which item? (? for menu, Esc to quit)
You feel much better.
The deep troll shaman bites you but does no damage.
The deep troll shaman claws you but does no damage.
The deep troll bites you but does no damage.
The deep troll claws you but does no damage.
Drink which item? (? for menu, Esc to quit)
You feel much better.
The deep troll bites you but does no damage.
The deep troll claws you. The deep troll claws you!
The deep troll shaman calls upon its god to strengthen the deep troll.
The deep troll seems to grow stronger.
The deep troll bites you.
The deep troll claws you but does no damage.
The deep troll bites you!
* * * LOW HITPOINT WARNING * * *
The deep troll claws you!
* * * LOW HITPOINT WARNING * * *
The deep troll claws you!
You die...

... .........
...........
..........∩..
..............#
..............#
........).....#
...............#
#######@##
#....WTTT#
#.....O).#
#........# .
#...§....#


cc. #....<...# .c....#........# #...c#........# #....########## You could see 2
deep trolls, a deep troll shaman, a freezing wraith and an ogre.

Vanquished Creatures
  Norris (Spider:5)
  Nikola (Spider:5)
  Arachne (Spider:5)
  A sphinx (Vaults:1)
  An acid blob (Lair:8)
  Rupert (D:14)
  A thorn hunter (Swamp:4)
  Kirke (Swamp:2)
  Roxanne (Swamp:2)
  The ghost of miro the Eclecticist, a powerful HEWz of Sif Muna (D:15)
  Donald (D:14)
  A frost giant (Vaults:1)
  Maud (Lair:5)
  5 ghost moths
  Aizul (Spider:4)
  3 emperor scorpions (Spider:5)
  Jorgrun (Swamp:3)
  A stone giant (Vaults:1)
  2 dire elephants (Lair:8)
  A minotaur (Lab)
  A fire dragon (D:14)
  Fannar (Lair:5)
  A ravenous item mimic (Spider:1)
  An ironheart preserver (Vaults:2)
  3 yaktaur captains (Vaults:1)
  27 hydras
  3 shambling mangroves
  2 ogre magi
  A death yak (D:9)
  4 centaur warriors
  A fire crab (Lair:8)
  2 orc high priests (Orc:4)
  A spriggan druid (Swamp:3)
  2 wizards
  A deep elf knight (Vaults:1)
  11 alligators
  A giant orange brain (Abyss:1)
  The ghost of SkaryMonk the Reanimator, an experienced DDNe of Makhleb (D:10)
  9 swamp dragons
  4 unseen horrors
  An ice statue (Lair:7)
  A necromancer (D:16)
  A giant amoeba (Vaults:1)
  2 ironbrand convokers (Vaults:1)
  9 hill giants
  12 orc knights
  3 orc sorcerers (Orc:4)
  2 deep elf conjurers
  25 wolf spiders
  5 griffons
  8 cyclopes
  5 red wasps
  A deep elf summoner (Vaults:1)
  9 elephants
  2 feature mimics
  A queen ant (Spider:1)
  A vault sentinel (Vaults:1)
  Psyche (D:12)
  16 spiny frogs
  2 naga magi (D:16)
  2 item mimics
  3 yaktaurs (Vaults:1)
  18 orb spiders
  7 demonic crawlers
  A smoke demon (Lair:8)
  A formicid venom mage (Spider:1)
  3 fire drakes
  9 komodo dragons
  The ghost of Egon the Skirmisher, an average DrBe of Trog (D:3)
  A polar bear (Lair:7)
  9 spriggans
  A centaur skeleton (D:16)
  9 giant fireflies
  2 trolls
  12 giant leeches
  23 jumping spiders
  11 two-headed ogres
  Sonja (D:13)
  9 baby alligators
  10 blink frogs
  4 boulder beetles
  7 bog bodies
  8 ravens
  29 trapdoor spiders
  2 vampires
  23 slime creatures
  A trapdoor spider (shapeshifter) (D:15)
  9 basilisks
  A griffon skeleton (D:16)
  27 ugly things
  32 yaks
  3 formicids
  38 redbacks
  2 thorn lotuses
  2 wraiths
  A fire bat (Abyss:1)
  25 tarantellas
  8 hippogriffs
  Eustachio (D:9)
  A deep elf mage (Vaults:1)
  8 sharks
  A hog (D:8)
  3 shadows
  3 wyverns
  2 deep elf fighters (Vaults:1)
  A manticore (D:16)
  3 mottled dragons
  4 hungry ghosts
  13 vampire mosquitoes
  18 wolves
  8 soldier ants
  24 swamp worms
  5 ice beasts
  51 orc warriors
  2 black bears
  14 swamp drakes
  16 humans
  3 sky beasts
  9 giant goldfish
  15 porcupines
  9 centaurs
  3 phantoms
  A yellow wasp (D:13)
  5 boring beetles
  13 ogres
  8 wargs
  18 crocodiles
  2 rotting devils (Lair:8)
  4 big kobolds
  21 water moccasins
  A brain worm (D:14)
  A komodo dragon zombie (D:14)
  9 giant slugs
  A manticore zombie (D:13)
  22 giant frogs
  7 agate snails
  An agate snail simulacrum (D:16)
  2 cyclops skeletons (D:16)
  A yak zombie (D:14)
  8 jellyfish
  27 killer bees
  4 wights (D:10)
  4 goliath beetles
  An orc simulacrum (D:16)
  5 crimson imps
  9 electric eels
  A giant frog zombie (D:11)
  A goliath beetle (shapeshifter) (Vaults:2)
  2 pulsating lumps (Lair:8)
  22 spiders
  A quasit (D:9)
  8 jellies
  28 orc priests
  2 centaur zombies (Ossuary)
  7 hounds
  3 human zombies (Ossuary)
  7 scorpions
  An orange rat (Vaults:1)
  34 orc wizards
  5 big fish
  23 worker ants
  13 iguanas
  15 sheep
  A big kobold zombie (Ossuary)
  Ijyb (D:2)
  A mottled dragon skeleton (D:15)
  18 gnolls
  2 mummies (Ossuary)
  51 green rats
  3 orc skeletons
  3 white imps (Lair:7)
  22 adders
  5 giant centipedes
  A giant mite (D:4)
  A shadow imp (D:5)
  2 inept feature mimics
  6 worms
  2 adder zombies (Ossuary)
  An iguana zombie (D:10)
  An adder skeleton (D:8)
  A giant centipede zombie (D:9)
  2 giant eyeballs
  An ooze (D:1)
  177 orcs
  19 bats
  2 giant cockroaches
  21 goblins
  13 hobgoblins
  A ball python (D:1)
  13 giant geckos
  5 giant newts
  4 giant spores
  A goblin skeleton (D:4)
  A hobgoblin skeleton (D:7)
  11 hobgoblin zombies (Ossuary)
  17 jackals
  A jackal zombie (Ossuary)
  33 kobolds
  13 kobold zombies
  8 orc zombies
  15 quokkas
  15 rats
  4 ballistomycetes
  A butterfly (D:12)
  A fungus (Lair:7)
  3 plants
1635 creatures vanquished.

Vanquished Creatures (collateral kills)
  Saint Roka (Orc:4)
  A vault warden (Vaults:1)
  Louise (Swamp:5)
  2 yaktaur captains (Vaults:1)
  An ogre mage (Vaults:1)
  A sun demon (Lair:8)
  A centaur warrior (Vaults:1)
  An ironbrand convoker (Vaults:1)
  2 orc knights
  A giant amoeba (Vaults:1)
  A sixfirhy (Lair:8)
  A wolf spider (Spider:3)
  An elephant (D:9)
  A vault sentinel (Vaults:1)
  4 orange demons (Lair:8)
  4 demonic crawlers (Spider:5)
  A yaktaur (Vaults:1)
  3 giant fireflies
  4 spriggans
  A troll (D:9)
  A red devil (Lair:8)
  An orb spider (Spider:3)
  A giant leech (Swamp:5)
  A raven (Swamp:5)
  A boulder beetle (Spider:5)
  A trapdoor spider (Spider:5)
  A thorn lotus (Swamp:5)
  An ugly thing (Vaults:1)
  A hog (shapeshifter) (Vaults:1)
  A vampire mosquito (Vaults:1)
  2 yaks (D:9)
  An ice beast (shapeshifter) (Vaults:1)
  A centaur (Vaults:1)
  An ogre (Vaults:1)
  3 rotting devils (Lair:8)
  A crocodile (Lair:7)
  An agate snail (D:9)
  A goliath beetle (Spider:5)
  3 spiders (Spider:3)
  2 orc priests (Orc:4)
  4 green rats (Lair:7)
  7 orcs
  A goblin (Orc:4)
71 creatures vanquished.

Vanquished Creatures (others)
  A skeletal warrior (D:14)
  A deep troll (Vaults:1)
  4 orb spiders (Spider:3)
  A jumping spider (Spider:5)
  A troll (Orc:4)
  A komodo dragon (Lair:7)
  4 humans
  A demonspawn (Swamp:2)
  3 ogres
  2 spiders
  An electric eel (Spider:5)
  A giant mite (Lair:8)
  An orc (D:15)
  A giant spore (D:11)
  4 fungi (Lair:8)
  2 plants
29 creatures vanquished.

Grand Total: 1735 creatures vanquished

Notes
Turn   | Place    | Note
--------------------------------------------------------------
     0 | D:1      | Jenx, the Gargoyle Berserker, began the quest for the Orb.
     0 | D:1      | Reached XP level 1. HP: 14/14 MP: 1/1
   299 | D:1      | Reached XP level 2. HP: 12/19 MP: 2/2
   304 | D:1      | Reached skill level 4 in Maces & Flails
   856 | D:1      | Acquired Trog's second power
   864 | D:1      | Reached XP level 3. HP: 23/23 MP: 3/3
  1343 | D:2      | Reached skill level 5 in Maces & Flails
  1351 | D:2      | Reached XP level 4. HP: 10/28 MP: 4/4
  1529 | D:2      | Found a shattered altar of Ashenzari.
  1842 | D:2      | Noticed Ijyb
  1861 | D:2      | Killed Ijyb
  1874 | D:2      | Reached skill level 6 in Maces & Flails
  1938 | D:2      | Reached XP level 5. HP: 32/32 MP: 5/5
  2156 | D:3      | Noticed Egon's ghost (average DrBe)
  2180 | D:3      | Killed Egon's ghost
  2180 | D:3      | Reached skill level 8 in Maces & Flails
  2180 | D:3      | Reached XP level 6. HP: 37/37 MP: 6/6
  2551 | D:3      | Found a glowing golden altar of the Shining One.
  2552 | D:3      | Noticed an angel
  2586 | D:3      | Found a basalt altar of Yredelemnul.
  2587 | D:3      | Noticed a profane servitor
  3130 | D:4      | Reached XP level 7. HP: 32/41 MP: 7/7
  3319 | D:4      | Reached skill level 9 in Maces & Flails
  3433 | D:4      | Found a snail-covered altar of Cheibriados.
  3468 | D:4      | Acquired Trog's third power
  3509 | D:5      | Entered Level 5 of the Dungeon
  3639 | D:5      | Found Caattus' Jewellery Emporium.
  3663 | D:5      | Found a sand-covered staircase.
  3689 | Ossuary  | Entered an ossuary
  3787 | Ossuary  | Reached skill level 10 in Maces & Flails
  3803 | Ossuary  | Reached XP level 8. HP: 39/46 MP: 8/8
  4024 | D:5      | Found Oleusack's Book Shop.
  4118 | D:5      | Found a blossoming altar of Fedhas.
  4252 | D:5      | Found Pleohav's Antique Armour Shop.
  4265 | D:5      | Bought a shiny helmet for 70 gold pieces
  4329 | D:5      | Found an ancient bone altar of Kikubaaqudgha.
  4454 | D:5      | Found a shadowy altar of Dithmengos.
  4603 | D:5      | Reached skill level 11 in Maces & Flails
  5054 | D:6      | Reached skill level 12 in Maces & Flails
  5060 | D:6      | Reached XP level 9. HP: 44/51 MP: 9/9
  5443 | D:7      | Paralysed by a giant eyeball for 3 turns
  5485 | D:7      | Found a staircase to the Ecumenical Temple.
  5494 | Temple   | Entered the Ecumenical Temple
  5625 | D:7      | Reached skill level 13 in Maces & Flails
  5890 | D:7      | Got a faintly humming leather armour
  6362 | D:7      | Identified the +1 leather armour of Divine Intervention {rElec rPois rC+ rN+ SInv} (You found it on level 7 of the Dungeon)
  6823 | D:8      | Reached skill level 14 in Maces & Flails
  6850 | D:8      | Reached XP level 10. HP: 20/58 MP: 10/10
  6971 | D:8      | Reached skill level 5 in Fighting
  6979 | D:8      | Found a shimmering altar of Xom.
  7287 | D:9      | Noticed a centaur warrior
  7327 | D:9      | Killed a centaur warrior
  7342 | D:9      | Reached skill level 15 in Maces & Flails
  7590 | D:9      | Noticed a death yak
  7597 | D:9      | Noticed an elephant
  7613 | D:9      | Killed a death yak
  7614 | D:9      | Found a staircase to the Lair.
  7624 | D:9      | Killed an elephant
  7717 | D:9      | Reached XP level 11. HP: 67/67 MP: 11/11
  7792 | D:9      | Reached skill level 1 in Throwing
  7912 | D:9      | Noticed Eustachio
  7926 | D:9      | Killed Eustachio
  8196 | Lair:1   | Entered Level 1 of the Lair of Beasts
  8344 | Lair:1   | Got a jewelled battleaxe
  8345 | Lair:1   | Identified the +12,+1 battleaxe "Khydghue" {flame, rElec rF+} (You found it on level 1 of the Lair of Beasts)
  8608 | Lair:1   | Received a gift from Trog
  8612 | Lair:1   | Got a crystal dire flail {god gift}
  8613 | Lair:1   | Identified the +8,+5 dire flail of Skuelir {speed, rElec Int+2} (Trog gifted it to you on level 1 of the Lair of Beasts)
  9029 | Lair:2   | Noticed a five-headed hydra
  9038 | Lair:1   | Reached skill level 10 in Fighting
  9181 | Lair:2   | Killed a five-headed hydra
  9314 | Lair:2   | Reached skill level 5 in Armour
  9526 | Lair:2   | Reached XP level 12. HP: 70/80 MP: 12/12
 10358 | Lair:3   | Received a gift from Trog
 10362 | Lair:3   | Got a shimmering morningstar
 10367 | Lair:3   | Identified the cursed +4,-1 morningstar of the Eleven Beggars {crush, rN+} (You found it on level 3 of the Lair of Beasts)
 10772 | Lair:4   | Noticed a five-headed hydra
 10827 | Lair:4   | Killed a five-headed hydra
 11452 | Lair:5   | Noticed Fannar
 11467 | Lair:5   | Killed Fannar
 11588 | Lair:5   | Noticed Maud
 11605 | Lair:5   | Killed Maud
 11700 | Lair:5   | Found a staircase to the Swamp.
 11819 | Lair:5   | Noticed an eight-headed hydra
 11829 | Lair:5   | Killed an eight-headed hydra
 12241 | Lair:5   | Found a hole to the Spider Nest.
 12437 | Lair:5   | Reached XP level 13. HP: 90/90 MP: 13/13
 12572 | Lair:6   | Found a labyrinth entrance.
 12617 | Lab      | Entered a labyrinth
 13005 | Lab      | Received a gift from Trog
 13186 | Lab      | Noticed a minotaur
 13198 | Lab      | Killed a minotaur
 14182 | Lair:6   | Reached skill level 15 in Fighting
 14533 | Lair:7   | Identified a scroll of acquirement
 14554 | Lair:7   | Got a brightly glowing steel amulet
 14575 | Lair:7   | Reached skill level 10 in Armour
 14602 | Lair:7   | Received a gift from Trog
 15780 | Lair:8   | Entered Level 8 of the Lair of Beasts
 15897 | Lair:8   | Reached skill level 16 in Fighting
 16177 | Lair:8   | Found a snail-covered altar of Cheibriados.
 16193 | Lair:8   | Received a gift from Trog
 16208 | Lair:8   | Found a staircase to the Slime Pits.
 16237 | Lair:8   | Noticed an acid blob
 16250 | Lair:8   | Killed an acid blob
 16701 | Lair:8   | Gained mutation: Your wings are large and strong. [gargoyle growth]
 16701 | Lair:8   | Reached XP level 14. HP: 73/100 MP: 14/14
 16793 | Lair:8   | Noticed a dire elephant
 16832 | Lair:8   | Killed a dire elephant
 17012 | Lair:8   | Noticed a dire elephant
 17035 | Lair:8   | Killed a dire elephant
 17367 | Lair:8   | Found a burning altar of Makhleb.
 17412 | Lair:8   | Reached skill level 17 in Fighting
 17419 | Lair:8   | Found a gateway to Hell.
 17886 | Lair:2   | Paralysed by a potion of paralysis for 7 turns
 18089 | D:10     | Entered Level 10 of the Dungeon
 18247 | D:10     | Got a dazzling trident
 18269 | D:10     | Received a gift from Trog
 18329 | D:10     | Identified the amulet of the Firefly {rMut +Rage} (You found it on level 7 of the Lair of Beasts)
 18329 | D:10     | Identified the cursed +10,-1 trident "Ygegri" {antimagic, Int+1} (You found it on level 10 of the Dungeon)
 18512 | D:10     | Noticed SkaryMonk's ghost (experienced DDNe)
 18523 | D:10     | Killed SkaryMonk's ghost
 18902 | D:11     | Found a flagged portal.
 18919 | Bailey   | Entered a bailey
 19714 | D:11     | Found a staircase to the Orcish Mines.
 19912 | D:11     | Reached skill level 5 in Dodging
 20364 | D:12     | Noticed Psyche
 20657 | Spider:1 | Entered Level 1 of the Spider Nest
 20790 | Spider:1 | Got an encrusted leather armour
 21131 | Spider:1 | Received a gift from Trog
 21132 | Spider:1 | Got a twisted flail {god gift}
 21158 | Spider:1 | Identified the -2,+1 flail "Shesopif" {antimagic, rC++ rN+ MR++ Str+1} (Trog gifted it to you on level 1 of the Spider Nest)
 21560 | Spider:2 | Noticed a ghost moth
 21570 | Spider:2 | Killed a ghost moth
 21628 | Spider:2 | Identified the +3 leather armour of Immorality {Str-3 Dex+4} (You found it on level 1 of the Spider Nest)
 21890 | Spider:2 | Reached XP level 15. HP: 105/107 MP: 15/15
 22224 | Spider:3 | Received a gift from Trog
 22225 | Spider:3 | Got a fine war axe {god gift}
 22950 | Spider:3 | Received a gift from Trog
 22951 | Spider:3 | Got a shimmering dire flail {god gift}
 23006 | Spider:3 | Reached skill level 5 in Throwing
 23317 | Spider:2 | Identified the +8,+3 war axe "Geto" {elec, +Inv} (Trog gifted it to you on level 3 of the Spider Nest)
 23318 | Spider:2 | Identified the +7,+6 dire flail of the Pillar {crush, -Cast +Rage rF+} (Trog gifted it to you on level 3 of the Spider Nest)
 24369 | Spider:4 | Noticed Aizul
 24397 | Spider:4 | Killed Aizul
 24907 | Swamp:1  | Entered Level 1 of the Swamp
 25687 | Swamp:2  | Noticed Kirke
 25768 | Swamp:2  | Received a gift from Trog
 25819 | Swamp:2  | Killed Kirke
 26063 | Swamp:2  | Reached XP level 16. HP: 108/112 MP: 16/16
 26426 | Swamp:2  | Noticed Roxanne
 26468 | Swamp:2  | Killed Roxanne
 26468 | Swamp:2  | Reached skill level 18 in Maces & Flails
 26477 | Swamp:2  | Received a gift from Trog
 27467 | Swamp:3  | Noticed Jorgrun
 27730 | Swamp:3  | Killed Jorgrun
 28295 | Swamp:4  | Noticed a thorn hunter
 28320 | Swamp:4  | Killed a thorn hunter
 28461 | Swamp:4  | Got a heavily runed plate armour
 28462 | Swamp:4  | Identified the +1 plate armour "Goesh" {Dam+3} (You found it on level 4 of the Swamp)
 28495 | Swamp:4  | Received a gift from Trog
 29487 | Orc:1    | Entered Level 1 of the Orcish Mines
 29732 | Orc:2    | Found a roughly hewn altar of Beogh.
 29774 | Orc:2    | Received a gift from Trog
 29905 | Orc:2    | Found a roughly hewn altar of Beogh.
 30296 | Orc:4    | Entered Level 4 of the Orcish Mines
 30494 | Orc:3    | Received a gift from Trog
 30861 | Orc:2    | Found Zuaff's Food Emporium.
 31313 | Orc:1    | Found Qaukhlawe's Jewellery Boutique.
 31648 | Orc:4    | Found Safoefuo's Gadget Shop.
 31728 | Orc:4    | Found a roughly hewn altar of Beogh.
 31955 | Orc:4    | Received a gift from Trog
 32511 | Orc:4    | Found a staircase to the Elven Halls.
 32525 | Orc:4    | Noticed Saint Roka
 32559 | Orc:4    | Killed Saint Roka
 32622 | Orc:4    | Found Rofromy's Antique Armour Shop.
 32661 | Orc:4    | Found Gioredit's Antique Weapon Shop.
 32683 | Orc:4    | Found Psoigyal's Book Shop.
 32727 | Orc:4    | Received a gift from Trog
 33145 | Orc:4    | Found Ghamudel's General Store.
 33152 | Orc:4    | Bought a scroll of fog for 36 gold pieces
 33152 | Orc:4    | Bought a scroll of recharging for 99 gold pieces
 33623 | Swamp:5  | Entered Level 5 of the Swamp
 33653 | Swamp:5  | Reached skill level 19 in Fighting
 33701 | Swamp:5  | Noticed Louise
 33702 | Swamp:5  | Cast into the Abyss (Louise)
 33774 | Swamp:5  | Escaped the Abyss
 33823 | Swamp:5  | Killed Louise
 33864 | Swamp:5  | Reached XP level 17. HP: 100/122 MP: 6/17
 34482 | Swamp:5  | Reached skill level 20 in Fighting
 34606 | Swamp:5  | Got a decaying rune of Zot
 35153 | Spider:5 | Entered Level 5 of the Spider Nest
 35168 | Spider:5 | Received a gift from Trog
 35297 | Spider:5 | Noticed Norris
 35301 | Spider:5 | Paralysed by Norris for 2 turns
 35312 | Spider:5 | Killed Norris
 35886 | Spider:5 | Noticed Nikola
 35887 | Spider:5 | Received a gift from Trog
 35914 | Spider:5 | Killed Nikola
 36009 | Spider:5 | Noticed Arachne
 36054 | Spider:5 | Killed Arachne
 36086 | Spider:5 | Reached skill level 21 in Fighting
 36561 | Spider:5 | Received a gift from Trog
 36922 | Spider:5 | Got a gossamer rune of Zot
 37507 | D:12     | Reached XP level 18. HP: 133/133 MP: 18/18
 37858 | D:12     | Got a slimy long sword
 37859 | D:12     | Identified the +1,+5 long sword of Devotion {flame, rF++} (You found it on level 12 of the Dungeon)
 37878 | D:12     | Killed Psyche
 37973 | D:12     | Found a white marble altar of Elyvilon.
 38414 | D:13     | Noticed Sonja
 38419 | D:13     | Killed Sonja
 38479 | D:13     | Reached skill level 22 in Fighting
 38499 | D:13     | Received a gift from Trog
 38503 | D:13     | Found Wanug Barir's Food Shoppe.
 38883 | D:14     | Noticed Rupert
 38887 | D:14     | Noticed Donald
 38917 | D:14     | Killed Rupert
 38958 | D:14     | Killed Donald
 38971 | D:14     | Found a gate to the Vaults.
 39416 | D:14     | Gained mutation: Your natural rate of healing is unusually fast. [potion of beneficial mutation]
 39440 | D:14     | Got a twisted plate armour
 39441 | D:14     | Identified the +7 plate armour "Khaothri" {rPois MR+ Dam-2} (You found it on level 14 of the Dungeon)
 39967 | D:14     | Received a gift from Trog
 40100 | D:15     | Entered Level 15 of the Dungeon
 40308 | D:15     | Noticed miro's ghost (powerful HEWz)
 40333 | D:15     | Killed miro's ghost
 41146 | D:16     | Entered Level 16 of the Dungeon
 41146 | D:16     | Found a shimmering altar of Xom.
 41264 | D:15     | Received a gift from Trog
 41435 | D:16     | Found a basalt altar of Yredelemnul.
 41863 | D:16     | Reached skill level 23 in Fighting
 42408 | D:16     | Received a gift from Trog
 42412 | D:16     | Got a pitted executioner's axe {god gift}
 42416 | D:16     | Identified the +7,+8 executioner's axe of Cluom {holy, rElec rF+ Str+2} (Trog gifted it to you on level 16 of the Dungeon)
 42587 | D:16     | Found a staircase to the Depths.
 42679 | D:16     | Found a white marble altar of Elyvilon.
 42720 | D:16     | Upgraded the game from 0.14-a0-2327-g5ff15cf to 0.14-a0-2340-g8df0fbc
 42805 | Vaults:1 | Entered Level 1 of the Vaults
 43491 | Vaults:1 | Reached XP level 19. HP: 116/142 MP: 18/18
 43879 | Vaults:1 | Received a gift from Trog
 44587 | Vaults:1 | Found Izagri's Weapon Shop.
 44798 | Vaults:2 | Found Yggol's Antique Armour Boutique.
 44821 | Vaults:2 | Received a gift from Trog
 44822 | Vaults:2 | Got a twisted dire flail {god gift}
 44839 | Vaults:2 | Reached skill level 24 in Fighting
 44863 | Vaults:2 | Slain by a deep troll

Action                   |  1- 3 |  4- 6 |  7- 9 | 10-12 | 13-15 | 16-18 | 19-21 || total
-------------------------+-------+-------+-------+-------+-------+-------+-------++-------
Melee: Mace              |   148 |   178 |    84 |       |       |       |       ||   410
       Flail             |       |       |   220 |       |    17 |    24 |       ||   261
       Morningstar       |       |       |   291 |   321 |       |       |       ||   612
       Dire flail        |       |       |       |   537 |  1807 |  2913 |   314 ||  5571
 Fire: Blowgun           |       |       |       |       |       |     4 |       ||     4
Throw: Javelin           |       |       |    14 |    25 |    47 |     7 |       ||    93
       Tomahawk          |       |       |       |     7 |       |    38 |       ||    45
Invok: Trog's Hand       |       |     3 |     4 |     6 |    12 |    25 |     2 ||    52
       Berserk           |       |     1 |     2 |     5 |     2 |       |       ||    10
       Burn Spellbooks   |       |       |     1 |       |     4 |     8 |       ||    13
       Brothers in Arms  |       |       |       |     3 |     5 |     8 |       ||    16
 Abil: Evoke Flight      |       |       |       |       |     2 |       |       ||     2
       Fly               |       |       |       |       |     1 |     2 |       ||     3
Evoke: Wand              |       |     1 |     2 |     4 |    28 |    21 |     3 ||    59
       tome              |       |       |       |       |     1 |       |       ||     1
       Disc of storms    |       |       |       |       |     1 |       |       ||     1
       Sack of spiders   |       |       |       |       |       |     1 |       ||     1
  Use: Scroll            |     3 |     1 |     8 |    15 |    24 |    20 |     1 ||    72
       Potion            |       |     1 |     1 |     2 |    24 |     6 |     2 ||    36
 Stab: Invisible         |       |       |       |       |       |     5 |       ||     5
       Distracted        |       |       |       |       |       |     3 |       ||     3
       Held in net/web   |       |       |       |       |       |     1 |       ||     1
